 Dungeon Crawl Stone Soup version 0.27-a0-1206-g6342a01c75 (webtiles) character file.

Game seed: 17858561416395468475

12570 Glokmah the Martial Artist (level 12, -12/100 (113) HPs)
             Began as a Djinni Transmuter on June 5, 2021.
             Was a Priest of Ru.
             Mangled by a tyrant leech (20 damage)
             ... on level 2 of the Lair of Beasts.
             The game lasted 00:28:41 (14002 turns).

Glokmah the Martial Artist (Djinni Transmuter)     Turns: 14002, Time: 00:28:42

HP:   -12/100 (113) AC:  8    Str: 21    XL:     12   Next: 21%
Gold: 447           EV:  9    Int: 18    God:    Ru [***...] SH:  0 Dex: 13

rFire    . . .     SeeInvis .     - Unarmed
rCold    . . .     Faith    .   (shield unavailable)
rNeg     . . .     Spirit   .   (armour currently unavailable)
rPois    ∞         Reflect  .   (helmet currently unavailable)
rElec    .         Harm     .   (cloak currently unavailable)
rCorr    .         Rampage  .   (gloves currently unavailable)
Will     +....                  (boots unavailable)
Stlth    ..........             f - amulet of Vaisihenk {Acrobat Str+3}
HPRegen  0.26/turn              (ring unavailable)
MPRegen  0.00/turn              d - +6 ring of strength

@: exhausted, hydra-form, wereblooded, flying, heavily drained
A: fast swimmer, devour, flying, boosted hp, sickness immunity, very large,
(fire resistance 2), (cold vulnerability 1), missing a hand, no stealth, float,
innate caster, hp casting, extra vitality 1
a: End Transformation, Renounce Religion, Draw Out Power


You were on level 2 of the Lair of Beasts.
You worshipped Ru.
Ru was most pleased with you.
You were a five-headed hydra.
You visited 2 branches of the dungeon, and saw 10 of its levels.

You collected 447 gold pieces.

Inventory:

Missiles
 p - 8 curare-tipped darts
 y - 2 atropa-tipped darts
Armour
 l - the +0 leather armour of the Furies (melded) {Int+3}
   (You found it on level 8 of the Dungeon)

   It affects your intelligence (+3).
 u - a +1 robe of cold resistance
 w - a +2 robe
 C - a scarf of harm
Jewellery
 b - a +4 ring of protection
 d - a +6 ring of strength (right foreclaw)
 f - the amulet of Vaisihenk (around neck) {Acrobat Str+3}
   (You acquired it on level 4 of the Dungeon)

   [amulet of the acrobat]

   It increases your evasion while moving and waiting.
   It affects your strength (+3).
 m - a ring of protection from cold
 q - a ring of ice
 t - a ring of willpower
 A - a ring of protection from fire
Wands
 i - a wand of flame (65)
 k - a wand of iceblast (10)
 D - a wand of paralysis (5)
Scrolls
 c - a scroll of holy word
 g - 6 scrolls of teleportation
 j - 6 scrolls of identify
 n - a scroll of amnesia
 s - 2 scrolls of enchant weapon
 v - a scroll of fear {unknown}
 x - a scroll of fog {unknown}
 z - a scroll of brand weapon {unknown}
 H - a scroll of torment {unknown}
Potions
 a - 3 potions of degeneration
 e - a potion of curing
 h - a potion of mutation
 o - a potion of ambrosia {unknown}
 r - 2 potions of might
 B - a potion of magic {unknown}
 E - a potion of lignification {unknown}
 F - a potion of brilliance {unknown}
 G - a potion of flight {unknown}


   Skills:
 + Level 8.2 Fighting
 + Level 5.5 Dodging
 * Level 11.7 Unarmed Combat
 * Level 9.1 Spellcasting


You couldn't memorise any spells.
You knew the following spells:

 Your Spells              Type           Power      Damage    Failure   Level
a - Beastly Appendage     Tmut           82%        N/A       1%          1
b - Wereblood             Tmut           41%        N/A       1%          2
c - Spider Form           Tmut/Pois      20%        N/A       1%          3
d - Ice Form              Ice/Tmut       41%        N/A       1%          4
e - Hydra Form            Tmut           20%        N/A       5%          5
f - Manifold Assault      Tloc           41%        N/A       5%          5
g - Confusing Touch       Hex            41%        N/A       1%          3
h - Summon Guardian Gole  Hex/Summ       41%        N/A       1%          3
i - Corpse Rot            Necr/Air       N/A        N/A       1%          2
j - Summon Small Mammal   Summ           100%       N/A       1%          1
Your spell library was empty.

Dungeon Overview and Level Annotations

Branches:
Dungeon (8/15)             Temple (0/1) D:6            Lair (2/6) D:8
  Swamp: Lair:2-4    Shoals: Lair:2-4     Snake: Lair:2-4    Spider: Lair:2-4

Altars:
Ru
Uskayaw
Wu Jian
Yredelemnul
Zin

Shops:
D:2 (


Innate Abilities, Weirdness & Mutations

You are a five-headed hydra.
You swim very quickly.
You can devour living enemies to heal.
You are flying.
Your maximum health is greatly increased.
Your armour is entirely melded.
You are incapable of wielding weapons or throwing items.
You are immune to sickness and miasma.
You are immune to poison.
((Your flesh is very heat resistant. (rF++)))
((You are vulnerable to cold. (rC-)))
You are missing a hand.
You cannot be stealthy.
You float through the air rather than walking.
You learn spells naturally, not from books.
Your magical power is your life essence.
You have superior vitality. (+4 HP)


Message History

The tyrant leech bites you but does no damage.
The tyrant leech barely misses you.
You barely miss the tyrant leech.
The tyrant leech is severely wounded.
You nip at the tyrant leech.
The tyrant leech bites you.
* * * LOW HITPOINT WARNING * * *
You gouge the tyrant leech!!
You devour the tyrant leech!
You feel better.
You kill the tyrant leech!
You nip at the tyrant leech but do no damage.
You gouge the tyrant leech!!
The tyrant leech is heavily wounded.
The tyrant leech bites you!!
* * * LOW HITPOINT WARNING * * *
You feel less exhausted.
You are restored by drawing out deep reserves of power within.
You feel drained. The tyrant leech closely misses you.
You barely miss the tyrant leech.
The tyrant leech is heavily wounded.
You closely miss the tyrant leech.
The tyrant leech is heavily wounded.
The tyrant leech bites you but does no damage.
You bite the tyrant leech!
The tyrant leech is severely wounded.
The tyrant leech bites you!!
* * * LOW HITPOINT WARNING * * *
Okay, then.
You roar as the wereblood boils in your veins!
You roar as the wereblood boils in your veins!
You feel less exhausted.
You are restored by drawing out deep reserves of power within.
You feel drained.
You nip at the tyrant leech.
The tyrant leech is severely wounded.
The tyrant leech bites you!!
* * * LOW HITPOINT WARNING * * *
You barely miss the tyrant leech.
The tyrant leech is severely wounded.
You roar as the wereblood boils in your veins!
The tyrant leech bites you!!
You die...

#.....#
#...###
##...#
#.#..#
##...##
#.....#
###...##♣
##.w.##♣
##.D.#.♣
##(..###♣
#....##
#....P#
#...###
##.).
#....#
##....
##P..#


You could see a tyrant leech.

Vanquished Creatures
  Harold (Lair:2)
  A boulder beetle (D:8)
  A two-headed ogre (D:7)
  A centaur warrior (D:7)
  2 manticores
  6 elephants
  A black mamba (Lair:2)
  A cane toad (Lair:1)
  A komodo dragon (Lair:2)
  3 blink frogs (Lair:2)
  A tyrant leech (Lair:2)
  Sigmund (D:5)
  5 yaks (Lair:1)
  2 basilisks
  A steam dragon (D:8)
  A swamp worm (Lair:2)
  9 water moccasins
  A hornet zombie (D:7)
  An ice beast (D:7)
  2 black bears
  2 necrophages
  3 sky beasts
  2 ogres
  A kobold brigand (D:8)
  A phantom (D:6)
  3 bullfrogs
  A wyvern zombie (D:7)
  2 scorpions
  A water moccasin skeleton (D:6)
  5 killer bees (D:8)
  2 wights (D:8)
  3 howler monkeys
  3 centaur zombies
  2 jellies
  3 orc priests
  A gnoll shaman (D:6)
  3 hounds
  A bullfrog skeleton (D:6)
  Jessica (D:2)
  Ijyb (D:3)
  2 iguanas
  4 orc wizards
  A killer bee zombie (D:7)
  A hound skeleton (D:3)
  2 howler monkey zombies
  13 adders
  A howler monkey skeleton (D:4)
  A shadow imp (D:7)
  2 white imps
  5 ufetubi
  2 adder skeletons
  3 dart slugs
  11 orcs
  6 bats
  4 endoplasms
  5 giant cockroaches
  6 goblins
  13 hobgoblins
  11 jackals
  2 quokkas
  4 ball pythons
  4 frilled lizards
  10 kobolds
  3 rats (D:2)
199 creatures vanquished.

Vanquished Creatures (others)
  Fannar (Lair:1)
  A kobold (D:8)
  4 fungi (D:3)
  7 plants
13 creatures vanquished.

Grand Total: 212 creatures vanquished

Notes
Turn   | Place    | Note
-------+----------+-------------------------------------------
     0 | D:1      | Glokmah the Djinni Transmuter began the quest for the Orb.
     0 | D:1      | Reached XP level 1. HP: 17/17 MP: 0/0
   300 | D:1      | Reached XP level 2. HP: 5/22 MP: 0/0
   866 | D:1      | Found a faded altar of an unknown god.
  1023 | D:1      | Reached XP level 3. HP: 24/27 MP: 0/0
  1023 | D:1      | Learned a level 1 spell: Summon Small Mammal
  1371 | D:2      | Noticed Jessica
  1382 | D:2      | Killed Jessica
  1383 | D:2      | Reached XP level 4. HP: 25/33 MP: 0/0
  1721 | D:2      | Found Hohiff's Antique Weapon Shop.
  2293 | D:2      | Reached skill level 4 in Unarmed Combat
  2466 | D:3      | Reached XP level 5. HP: 25/38 MP: 0/0
  2466 | D:3      | Learned a level 2 spell: Corpse Rot
  3138 | D:3      | Noticed Ijyb
  3145 | D:3      | Killed Ijyb
  3188 | D:3      | Reached XP level 6. HP: 42/45 MP: 0/0
  3444 | D:3      | Found a sacrificial altar of Ru.
  3456 | D:3      | Became a worshipper of Ru the Awakened
  3794 | D:4      | Reached skill level 5 in Unarmed Combat
  3805 | D:4      | Reached XP level 7. HP: 35/50 MP: 0/0
  3805 | D:4      | Learned a level 3 spell: Summon Guardian Golem
  4572 | D:4      | You are sucked into a shaft and drop 3 floors!
  4592 | D:7      | Found a glowing silver altar of Zin.
  4880 | D:6      | Gained mutation: You are missing a hand. [Ru sacrifice]
  4880 | D:6      | Reached * piety under Ru
  4880 | D:6      | Reached ** piety under Ru
  4880 | D:6      | Reached *** piety under Ru
  5072 | D:6      | Found a basalt altar of Yredelemnul.
  5092 | D:6      | Reached XP level 8. HP: 22/58 MP: 0/0
  5355 | D:6      | Reached skill level 6 in Unarmed Combat
  5432 | D:5      | Entered Level 5 of the Dungeon
  5440 | D:5      | Noticed Sigmund
  5449 | D:5      | Killed Sigmund
  5643 | D:4      | Identified a scroll of acquirement
  5643 | D:4      | Acquired the amulet of Vaisihenk {Acrobat Str+3}
  7268 | D:6      | Reached skill level 5 in Spellcasting
  7377 | D:6      | Reached skill level 7 in Unarmed Combat
  7488 | D:6      | Reached XP level 9. HP: 61/63 MP: 0/0
  7488 | D:6      | Learned a level 3 spell: Confusing Touch
  7495 | D:6      | Found a staircase to the Ecumenical Temple.
  7987 | D:7      | Gained mutation: You cannot be stealthy. [Ru sacrifice]
  8000 | D:7      | Reached skill level 5 in Fighting
  8159 | D:7      | Reached skill level 8 in Unarmed Combat
  8175 | D:7      | Noticed a two-headed ogre
  8418 | D:7      | Identified the +4 war axe of Xacsem {vorpal, Will+}
  8709 | D:7      | Killed a two-headed ogre
  8710 | D:7      | Reached XP level 10. HP: 27/72 MP: 0/0
  8983 | D:7      | Reached skill level 9 in Unarmed Combat
  9459 | D:7      | Noticed a manticore
  9460 | D:7      | Noticed a centaur warrior
  9467 | D:7      | Killed a manticore
  9471 | D:7      | Killed a centaur warrior
 10024 | D:8      | Identified the +0 leather armour of the Furies {Int+3}
 10240 | D:8      | Noticed a manticore
 10261 | D:8      | Killed a manticore
 11036 | D:8      | Found a staircase to the Lair.
 11134 | D:8      | Reached skill level 10 in Unarmed Combat
 11503 | Lair:1   | Entered Level 1 of the Lair of Beasts
 11544 | Lair:1   | Noticed Fannar
 11545 | Lair:1   | Noticed a boulder beetle
 11583 | Lair:1   | Killed Fannar
 11584 | Lair:1   | Reached XP level 11. HP: 16/79 MP: 0/0
 11584 | Lair:1   | Learned a level 5 spell: Manifold Assault
 11998 | Lair:1   | Noticed an elephant
 11998 | Lair:1   | Noticed an elephant
 12027 | D:8      | Killed a boulder beetle
 12150 | Lair:1   | Killed an elephant
 12185 | Lair:1   | Noticed an elephant
 12189 | Lair:1   | Noticed an elephant
 12189 | Lair:1   | Noticed an elephant
 12190 | Lair:1   | Noticed an elephant
 12200 | D:8      | Killed an elephant
 12424 | Lair:1   | Killed an elephant
 12426 | Lair:1   | Killed an elephant
 12426 | Lair:1   | Killed an elephant
 12427 | Lair:1   | Reached skill level 11 in Unarmed Combat
 12430 | Lair:1   | Killed an elephant
 13225 | Lair:1   | Found a hide-covered altar of Uskayaw.
 13227 | Lair:1   | Found an ornate altar of the Wu Jian Council.
 13412 | Lair:2   | Reached skill level 5 in Dodging
 13677 | Lair:2   | Reached XP level 12. HP: 83/86 MP: 0/0
 13899 | Lair:2   | Noticed Harold
 13933 | Lair:2   | Killed Harold
 13984 | Lair:2   | HP: 4/111 [tyrant leech (19)]
 13989 | Lair:2   | HP: 1/105 [tyrant leech (28)]
 14002 | Lair:2   | Mangled by a tyrant leech

Illustrated notes

Levels and vault maps discovered:
D:1:      matt_arrival_refuge, layout_basic, ebering_ecumenical_altar_abandoned
D:2:      layout_loops_ring, serial_shops, shop, kennysheep_donut, st_stairs_12,
          uniq_jessica
D:3:      layout_loops_cross, nicolae_ru_the_path_less_chosen, uniq_ijyb
D:4:      layout_cave_pods, serial_column_ruins, column_ruins_hut,
          column_ruins_hut_pillars, column_ruins_open_small,
          column_ruins_grid_1, column_ruins_grid_1, column_ruins_grid_1,
          column_ruins_corridor_straight, skrybe_limestone_x,
          hangedman_abyss_or_decor_jellyfish_corner
D:5:      layout_basic, uniq_sigmund
D:6:      layout_gridville, old_standard_altar, temple_hall,
          grunt_ministairs_10, hangedman_minor_gate_pass
D:7:      nzn_winding_woodlands_medium [nzn_winding_woodlands_5x5_checkerboard,
          nzn_winding_woodlands_5x15_garden, nzn_winding_woodlands_5x5_three,
          nzn_winding_woodlands_5x5_perimeter,
          nzn_winding_woodlands_center_diamonds,
          nzn_winding_woodlands_5x5_closed_star,
          nzn_winding_woodlands_5x5_cross, nzn_winding_woodlands_5x15_cabin,
          nzn_winding_woodlands_5x5_default], layout_basic, lemuel_round_altar,
          minmay_manual_mail
D:8:      layout_loops_ring, lair_entry_dummy
Lair:1:   layout_cave_pods, nzn_masters_of_martial_movement, uniq_fannar
Lair:2:   layout_layer_cave, minmay_swamp_entry_worms, uniq_harold

Skill      XL: |  1  2  3  4  5  6  7  8  9 10 11 12 |
---------------+-------------------------------------+-----
Spellcasting   | 2 3 4 5 6 7 8 9 |  9.1
Fighting       | 2 3 4 5 7 8 |  8.2
Unarmed Combat | 4 5 7 8 10 11 | 11.7
Dodging        | 3 5 |  5.5

Action                   |  1- 3 |  4- 6 |  7- 9 | 10-12 || total
-------------------------+-------+-------+-------+-------++-------
Melee: Unarmed           |    27 |   131 |   222 |   257 ||   637
       Headbutt          |     9 |    14 |    16 |     6 ||    45
       Short sword       |    54 |    37 |       |       ||    91
       Club              |     7 |       |       |       ||     7
       Punch             |     1 |     7 |     1 |       ||     9
 Cast: Beastly Appendage |    12 |    17 |    16 |     9 ||    54
       Wereblood         |     4 |    14 |    11 |    11 ||    40
       Spider Form       |       |    12 |    19 |    24 ||    55
       Summon Guardian G |       |       |     1 |     3 ||     4
       Confusing Touch   |       |       |     2 |     2 ||     4
       Ice Form          |       |       |     1 |     1 ||     2
       Manifold Assault  |       |       |       |     6 ||     6
       Hydra Form        |       |       |       |     3 ||     3
       Summon Small Mamm |       |       |       |     1 ||     1
Invok: Sacrifice a Hand  |       |       |     1 |       ||     1
       Sacrifice Stealth |       |       |     1 |       ||     1
       Draw Out Power    |       |       |       |     6 ||     6
       Reject Sacrifices |       |       |       |     1 ||     1
 Abil: End Transformatio |       |       |       |     1 ||     1
  Use: Scroll            |       |       |     8 |     4 ||    12
       Potion            |       |       |     2 |       ||     2
 Stab: Sleeping          |       |     3 |       |       ||     3
       Confused          |       |       |     1 |     3 ||     4
       Invisible         |       |       |       |     4 ||     4
Armor: Robe              |    29 |    57 |    27 |     1 ||   114
       Skin              |       |    10 |    13 |    20 ||    43
       Leather armour    |       |       |       |     4 ||     4
Dodge: Dodged            |    61 |   122 |   162 |   162 ||   507

Table legend: (Time is in decaauts)
 A = Elapsed time spent in this place.
 B = Non-inter-level travel time spent in this place.
 C = Inter-level travel time spent in this place.
 D = Time resting spent in this place.
 E = Time spent auto-exploring this place.
 F = Levels seen in this place.
 G = Mean time per level.
                   A        B        C        D        E       F      G
               +--------+--------+--------+--------+--------+-----+--------+
         Total |  13930 |  13467 |    463 |   3089 |   8152 |  10 | 1393.0 |
       Dungeon |  12082 |  11659 |    423 |   2724 |   7134 |   8 | 1510.2 |
          Lair |   1847 |   1807 |     40 |    365 |   1018 |   2 |  923.5 |
               +--------+--------+--------+--------+--------+-----+--------+

Top non-repeatable levels by time:
     D:8: 2154 daAuts
     D:7: 1857 daAuts
     D:6: 1816 daAuts
     D:4: 1479 daAuts
     D:1: 1375 daAuts
     D:2: 1357 daAuts
  Lair:1: 1259 daAuts
     D:3: 1026 daAuts
     D:5: 1016 daAuts
  Lair:2: 587 daAuts
